 Dungeon Crawl Stone Soup version 0.30-a0-743-gbfdf073431 (webtiles) character file.

Game seed: 14173032444582311915

113124 hikkokomori the Unseen (level 16, 0/98 HPs)
             Began as a Deep Elf Air Elementalist on Feb 5, 2023.
             Was a High Priest of Vehumet.
             Slain by a ghost moth (6 damage)
             ... while paralysed
             ... on level 1 of the Spider Nest on Feb 6, 2023.
             The game lasted 01:55:32 (29327 turns).

hikkokomori the Unseen (Deep Elf Air Elementalist) Turns: 29327, Time: 01:55:33

Health: 0/98       AC: 17    Str:  0 (5)  XL:     16   Next: 13%
Magic:  0/34       EV:  2    Int: 31      God:    Vehumet [*****.]
Gold:   891        SH:  0    Dex: 14 (19) Spells: 3/40 levels left

rFire   + . .      SeeInvis .    f - +5 rapier of Keozes {heavy, rElec Int+3}
rCold   + + .      Faith    .    (no shield)
rNeg    . . .      Spirit   .    K - +2 robe {Archmagi}
rPois   +          Reflect  .    A - +2 hat "Voqil" {rPois rC+ Int+3}
rElec   +          Harm     .    t - +2 cloak
rCorr   .          Rampage  .    W - +0 pair of gloves
Will    +....      Archmagi +    E - +2 pair of boots
Stlth   ++++++                   D - amulet of magic regeneration
HPRegen 0.00/turn                J - +4 ring of protection
MPRegen 0.64/turn                m - ring "Idejagad" {rF+ rC+}

@: paralysed, about to teleport, inhibited regen, slowed, lost strength
A: no striking features
a: Renounce Religion


You were on level 1 of the Spider Nest.
You worshipped Vehumet.
Vehumet was extremely pleased with you.
You visited 6 branches of the dungeon, and saw 26 of its levels.
You also visited: Ossuary and Volcano.

You collected 2849 gold pieces.
You spent 1958 gold pieces at shops.

Inventory:

Hand Weapons
 f - the +5 rapier of Keozes (weapon) {heavy, rElec Int+3}
   (You found it on level 5 of the Lair of Beasts)

   Int:       It affects your intelligence (+3).
   rElec:     It insulates you from electricity.
 X - the +2 scimitar "Geleng" {antimagic, rC+}
   (You found it on level 1 of the Orcish Mines)

   rC:        It protects you from cold.
Missiles
 H - a throwing net
Armour
 t - a +2 cloak (worn)
 A - the +2 hat "Voqil" (worn) {rPois rC+ Int+3}
   (You acquired it in an ossuary)

   Int:       It affects your intelligence (+3).
   rC:        It protects you from cold.
   rPois:     It protects you from poison.
 E - a +2 pair of boots (worn)
 K - a +2 robe of the Archmagi (worn)
 V - +4 steam dragon scales
 W - a +0 pair of gloves (worn)
Jewellery
 k - a ring of wizardry
 l - a ring of resist corrosion
 m - the ring "Idejagad" (right hand) {rF+ rC+}
   (You acquired it on level 10 of the Dungeon)

   [ring of protection from cold]

   rF:        It protects you from fire.
   rC:        It protects you from cold.
 z - an amulet of regeneration
 D - an amulet of magic regeneration (around neck)
 G - a ring of willpower
 J - a +4 ring of protection (left hand)
 U - a +4 ring of slaying
Wands
 g - a wand of quicksilver (8)
 N - a wand of charming (2)
 O - a wand of roots (17)
 P - a wand of mindburst (5)
 R - a wand of digging (3)
 Z - a wand of flame (34)
Scrolls
 a - 3 scrolls of fog
 d - 4 scrolls of immolation
 h - 2 scrolls of butterflies
 j - 6 scrolls of teleportation
 p - 2 scrolls of blinking
 r - 6 scrolls of magic mapping
 w - 3 scrolls of vulnerability
 x - 2 scrolls of brand weapon
 y - a scroll of amnesia
 B - 3 scrolls of silence
 F - 4 scrolls of fear
 I - 3 scrolls of poison
Potions
 b - 3 potions of magic
 c - 2 potions of invisibility
 e - 2 potions of ambrosia
 i - a potion of resistance
 n - 4 potions of might
 o - 4 potions of mutation
 q - 3 potions of haste
 s - 6 potions of curing
 u - 3 potions of heal wounds
 v - 3 potions of cancellation
 C - 5 potions of lignification
 L - 5 potions of berserk rage
 Q - 2 potions of brilliance
 T - a potion of flight
Miscellaneous
 M - a phial of floods
 S - a condenser vane


   Skills:
 + Level 10.5 Fighting
 + Level 10.1(10.3) Short Blades
 - Level 2.6(6.4) Long Blades
 - Level 11.6 Dodging
 - Level 15.0 Stealth
 + Level 12.5 Spellcasting
 - Level 12.0 Conjurations
 - Level 3.6 Hexes
 + Level 8.1 Ice Magic
 + Level 11.0 Air Magic
 - Level 2.5 Poison Magic
 - Level 5.9 Evocations


You had 3 spell levels left.
You knew the following spells:

 Your Spells              Type           Power      Damage    Failure   Level
a - Ozocubu's Refrigerat  Ice            40%        4d16      19%         7
b - Mephitic Cloud        Conj/Pois/Air  83%        N/A       1%          3
c - Swiftness             Air            93%        N/A       1%          3
d - Arcjolt               Conj/Air       47%        1d57      1%          5
e - Ozocubu's Armour      Ice            81%        N/A       1%          3
f - Fulminant Prism       Conj/Hex       40%        3d19      1%          4
g - Freezing Cloud        Conj/Ice/Air   45%        6-21      1%          5
h - Orb of Destruction    Conj           48%        9d13      4%          7

Your spell library contained the following spells:

 Spells                   Type           Power      Damage    Failure   Level
 Starburst                Conj/Fire      35%        6d10      9%          6
 Shock                    Conj/Air       100%       1d9       0%          1
 Freeze                   Ice            100%       1d10      1%          1
 Cigotuvi's Dreadful Rot  Necr/Pois/Air  100%       N/A       1%          2
 Poisonous Vapours        Pois/Air       100%       N/A       1%          2
 Static Discharge         Conj/Air       100%       2-7/arc   1%          2
 Frozen Ramparts          Ice            100%       1d16      1%          3
 Hailstorm                Conj/Ice       89%        3d18      1%          3
 Inner Flame              Hex/Fire       46%        N/A       1%          3
 Tukima's Dance           Hex            58%        N/A       1%          3
 Vhi's Electric Charge    Tloc/Air       100%       N/A       1%          3
 Necrotise                Necr           100%       1d9       2%          1
 Portal Projectile        Hex/Tloc       92%        N/A       3%          3
 Vampiric Draining        Necr           29%        2d8       8%          3
 Airstrike                Air            46%        2d(7-23)  1%          4
 Flame Wave               Conj/Fire      71%        2d16      1%          4
 Sticky Flame             Conj/Fire      71%        2d8       1%          4
 Ice Form                 Ice/Tmut       61%        N/A       4%          4
 Metabolic Englaciation   Hex/Ice        35%        N/A       6%          5
 Anguish                  Hex/Necr       23%        N/A       12%         4
 Maxwell's Capacitive Co  Air            46%        ∞         41%         8
 Agony                    Necr           29%        N/A       56%         5
 Blade Hands              Tmut           14%        N/A       56%         5
 Simulacrum               Ice/Necr       30%        N/A       58%         6
 Enfeeble                 Hex            29%        N/A       99%         7


Dungeon Overview and Level Annotations

Branches:
Dungeon (15/15)            Temple (1/1) D:6            Lair (5/5) D:10
 Shoals (0/4) Lair:3       Spider (2/4) Lair:3        Slime (0/5) Lair:5
    Orc (2/2) D:12            Elf (1/3) Orc:2        Vaults (0/5) D:13
 Depths (0/4) D:15        Ossuary (visited)         Volcano (visited)

Altars:
Ashenzari
Cheibriados
Dithmenos
Elyvilon
Fedhas
Gozag
Hepliaklqana
Kikubaaqudgha
Makhleb
Nemelex Xobeh
Okawaru
Qazlal
Ru
Sif Muna
Trog
Uskayaw
Vehumet
Wu Jian
Xom
Yredelemnul
Zin
The Shining One
Jiyva

Shops:
D:3 ?   D:5 ?   D:9 *   Orc:2 (*=[[


Message History

The wolf spider's many legs skitter.
The wolf spider hits you but does no damage.
The wolf spider misses you.
You feel you are being watched by something.
You feel your power leaking away. Something hits you.
Something barely misses you.
Something stings you but does no damage.
The wolf spider misses you. x2
The culicivora's many legs skitter faintly.
As you read the scroll of teleportation, it crumbles to dust.
You feel strangely unstable. The wolf spider closely misses you.
The wolf spider misses you. Something closely misses you. Something hits you!
You feel weakened. Something stings you.
You feel clumsy. The wolf spider closely misses you.
The wolf spider barely misses you.
The wolf spider attacks as you move away!
The wolf spider hits you but does no damage.
The wolf spider misses you. Something hits you!
* * * LOW HITPOINT WARNING * * *
You feel weakened. Something hits you but does no damage.
Something barely misses you. The wolf spider hits you.
* * * LOW HITPOINT WARNING * * *
The wolf spider misses you.
The wolf spider attacks as you move away!
The wolf spider hits you!
* * * LOW HITPOINT WARNING * * *
The wolf spider bites you but does no damage.
The wolf spider attacks as you move away!
The wolf spider hits you.
* * * LOW HITPOINT WARNING * * *
The wolf spider closely misses you.
You feel you are being watched by something.
You feel your power leaking away. Something hits you but does no damage.
Something hits you.
* * * LOW HITPOINT WARNING * * *
You feel weakened.
You have lost your strength.
Something stings you.
You die...

......................^...
#......................)..
..............#........^..
....##.....####...........
..###.......##....>##...
##..........###.....#####
........)..###$..........
......##.....##..........
.....§#.......##@.........
....##.........#s{....#...
..°##..........#s..#..####
..##.........###^..####
###.......#..#...s...
..........####....s...#
.............##....^..#
..†..^........#.....###
..............##....#


You could see 2 wolf spiders and 2 culicivoras.

Vanquished Creatures
  Jorgrun (Orc:1)
  Gastronok (Lair:2)
  Donald (Spider:1)
  2 orc warlords
  A dire elephant (D:15)
  An ettin (Orc:1)
  A fire dragon (Lair:5)
  2 hydras
  Erolcha (D:13)
  Erica (Lair:2)
  An ice dragon (Lair:5)
  3 vault guards (D:13)
  5 boulder beetles
  6 death yaks
  4 centaur warriors
  2 tengu warriors (D:15)
  6 two-headed ogres
  5 orc high priests
  A hell knight (Volcano)
  2 deep elf knights (D:13)
  A sun demon (Volcano)
  Urug (Orc:2)
  Sonja (D:13)
  A fire crab (Lair:5)
  A sixfirhy (D:12)
  4 orb spiders (Spider:1)
  A swamp dragon (Lair:5)
  2 pharaoh ants
  A lindwurm (Lair:5)
  2 steelbarb worms (Spider:1)
  6 orc knights
  2 deep elf pyromancers
  17 ugly things
  3 orc sorcerers
  4 deep elf zephyrmancers (Elf:1)
  2 cyclopes
  A manticore (D:14)
  A rust devil (D:12)
  A salamander (D:15)
  2 moths of wrath (Spider:1)
  4 black mambas
  4 elephants
  7 torpor snails
  2 molten gargoyles (Volcano)
  A smoke demon (D:12)
  Joseph (D:7)
  Psyche (D:9)
  3 demonic crawlers (Spider:1)
  7 komodo dragons
  3 unseen horrors
  8 rime drakes
  8 cane toads
  A kobold demonologist (D:10)
  A freezing wraith (D:15)
  An efreet (D:14)
  6 tengu conjurers
  2 trolls
  3 meliai (D:14)
  3 tyrant leeches (Lair:5)
  2 hellwings (D:12)
  3 polar bears
  18 tarantellas
  6 hornets (Lair:5)
  4 dream sheep (Lair:3)
  19 blink frogs
  A shadow (D:11)
  A snapping turtle (Lair:3)
  3 vampires
  12 jumping spiders (Spider:1)
  23 slime creatures
  A culicivora (shapeshifter) (D:14)
  A centaur simulacrum (D:14)
  7 culicivoras (Spider:1)
  3 wraiths
  41 yaks
  A wyvern (Lair:4)
  6 basilisks
  A basilisk (shapeshifter) (D:14)
  A human (D:13)
  2 steam dragons
  Grum (D:9)
  2 fire bats (Volcano)
  A chaos spawn (D:12)
  9 vampire mosquitoes
  10 redbacks
  4 wargs
  An acid dragon (Lair:5)
  2 hell hounds (Volcano)
  2 sky beasts
  15 water moccasins
  2 swamp drakes (Lair:5)
  32 orc warriors
  4 black bears
  13 wolves
  4 ogres
  7 centaurs
  3 kobold brigands (D:9)
  2 scorpions
  16 bullfrogs
  A gnoll sergeant (D:10)
  2 necrophages
  8 wights
  11 howler monkeys
  5 lava snakes (Volcano)
  5 hounds
  2 quasits (D:12)
  4 crimson imps (D:13)
  3 jellies
  A gnoll bouda (D:9)
  21 orc priests
  42 orc wizards
  7 iguanas
  A statue (D:8)
  3 mummies (Ossuary)
  10 gnolls
  8 adders
  A shadow imp (D:7)
  A white imp (D:5)
  4 dart slugs
  87 orcs
  7 endoplasms
  2 giant cockroaches
  9 goblins
  17 hobgoblins
  8 jackals
  32 kobolds
  3 quokkas
  6 ball pythons
  6 bats
  3 frilled lizards
  4 goblin zombies (Ossuary)
  2 hobgoblin zombies (Ossuary)
  3 kobold zombies (Ossuary)
  2 orc zombies (Ossuary)
  16 rats
  A fulminant prism (D:13)
801 creatures vanquished.

Vanquished Creatures (others)
  A wolf spider (Spider:1)
  An adder (D:4)
  An orc (D:8)
  A demonic plant (D:12)
  18 fulminant prisms
  15 fungi
  48 plants
85 creatures vanquished.

Grand Total: 886 creatures vanquished

Notes
Turn   | Place    | Note
-------+----------+-------------------------------------------
     0 | D:1      | hikkokomori the Deep Elf Air Elementalist began the quest
                  | for the Orb.
     0 | D:1      | Reached XP level 1. HP: 10/10 MP: 6/6
    17 | D:1      | Found a faded altar of an unknown god.
   113 | D:1      | Reached XP level 2. HP: 15/15 MP: 5/8
   422 | D:1      | Reached XP level 3. HP: 20/20 MP: 1/9
   438 | D:1      | Reached skill level 3 in Stealth
  1044 | D:2      | Found a snail-covered altar of Cheibriados.
  1115 | D:2      | Reached XP level 4. HP: 18/24 MP: 11/11
  1175 | D:2      | Reached skill level 1 in Fighting
  1576 | D:2      | Found Sacsapick's Magic Scroll Shoppe.
  2105 | D:2      | Reached XP level 5. HP: 28/29 MP: 7/13
  2215 | D:2      | Learned a level 3 spell: Mephitic Cloud
  2274 | D:2      | Reached skill level 4 in Stealth
  2456 | D:3      | Found Idorchec's Magic Scroll Shoppe.
  2464 | D:3      | Bought a scroll of magic mapping for 90 gold pieces
  2608 | D:3      | Found a glowing golden altar of the Shining One.
  2710 | D:3      | Found a burning altar of Makhleb.
  2712 | D:3      | Noticed an Executioner
  2833 | D:3      | Learned a level 3 spell: Swiftness
  3064 | D:4      | Found a hazy altar of Hepliaklqana.
  3067 | D:4      | Noticed a black bear
  3083 | D:4      | Killed a black bear
  3084 | D:4      | Reached skill level 1 in Poison Magic
  3084 | D:4      | Reached XP level 6. HP: 35/35 MP: 8/14
  3290 | D:4      | Found a stormy altar of Qazlal.
  3780 | D:5      | Entered Level 5 of the Dungeon
  3780 | D:5      | Found Qailutz's Magic Scroll Boutique.
  4112 | D:5      | Reached skill level 5 in Stealth
  4112 | D:5      | Reached XP level 7. HP: 38/39 MP: 11/15
  4528 | D:5      | Reached skill level 1 in Short Blades
  5153 | D:6      | Reached skill level 6 in Stealth
  5153 | D:6      | Reached XP level 8. HP: 46/46 MP: 1/16
  5265 | D:6      | Found a staircase to the Ecumenical Temple.
  5297 | Temple   | Entered the Ecumenical Temple
  5423 | D:6      | Found a white marble altar of Elyvilon.
  5643 | D:6      | Found a sacrificial altar of Ru.
  5908 | D:6      | Reached skill level 5 in Conjurations
  6112 | D:6      | Found a bloodstained altar of Trog.
  6327 | D:6      | Found a snail-covered altar of Cheibriados.
  6400 | D:6      | Reached skill level 7 in Stealth
  6463 | D:6      | Found an ornate altar of the Wu Jian Council.
  6523 | D:7      | Found a hide-covered altar of Uskayaw.
  6602 | D:7      | Noticed Joseph
  6645 | D:7      | Found a sand-covered staircase.
  6678 | Ossuary  | Entered an ossuary
  7051 | Ossuary  | Identified a scroll of acquirement
  7053 | Ossuary  | Acquired the +2 hat "Voqil" {rPois rC+ Int+3}
  7122 | D:7      | Killed Joseph
  7123 | D:7      | Reached XP level 9. HP: 52/52 MP: 15/17
  7174 | D:7      | Reached skill level 8 in Stealth
  7433 | D:7      | Found a sparkling altar of Nemelex Xobeh.
  7555 | D:8      | Noticed a two-headed ogre
  7587 | D:8      | Killed a two-headed ogre
  7588 | D:8      | Reached skill level 5 in Fighting
  7588 | D:8      | Reached skill level 5 in Short Blades
  7791 | D:8      | Reached skill level 9 in Stealth
  7796 | D:8      | Found a radiant altar of Vehumet.
  7882 | D:8      | Became a worshipper of Vehumet
  7932 | D:8      | Noticed a two-headed ogre
  8009 | D:8      | Reached XP level 10. HP: 49/60 MP: 8/18
  8015 | D:8      | Learned a level 5 spell: Arcjolt
  8058 | D:8      | Killed a two-headed ogre
  8283 | D:8      | Identified the +9 mace of Strategic Superiority {pain,
                  | rElec}
  8424 | D:8      | Reached skill level 5 in Air Magic
  8490 | D:8      | Reached skill level 10 in Stealth
  8663 | D:8      | Learned a level 3 spell: Ozocubu's Armour
  8794 | D:9      | Reached * piety under Vehumet
  8794 | D:9      | Offered knowledge of Kiss of Death by Vehumet.
  8867 | D:9      | Noticed a brown ugly thing
  8892 | D:9      | Killed a brown ugly thing
  8893 | D:9      | Reached skill level 1 in Ice Magic
  8975 | D:9      | Found Labyx's Assorted Antiques.
  8995 | D:9      | Noticed Grum
  9015 | D:9      | Killed Grum
  9074 | D:9      | Found an ancient bone altar of Kikubaaqudgha.
  9220 | D:9      | Noticed Psyche
  9248 | D:9      | Killed Psyche
  9408 | D:9      | Found a shimmering blue altar of Sif Muna.
  9842 | D:10     | Entered Level 10 of the Dungeon
  9842 | D:10     | Noticed a death yak
  9842 | D:10     | Found a staircase to the Lair.
  9843 | D:10     | Noticed a death yak
  9843 | D:10     | Noticed a death yak
  9845 | D:10     | Reached XP level 11. HP: 66/66 MP: 19/19
  9848 | D:10     | Noticed a death yak
  9851 | D:10     | Noticed a death yak
  9877 | D:9      | Killed a death yak
  9878 | D:9      | Reached skill level 5 in Dodging
  9989 | D:9      | Killed a death yak
 10124 | D:9      | Killed a death yak
 10186 | D:9      | Killed a death yak
 10187 | D:9      | Reached skill level 5 in Spellcasting
 10238 | D:10     | Killed a death yak
 10295 | D:9      | Reached ** piety under Vehumet
 10331 | D:10     | Offered knowledge of Foxfire by Vehumet.
 10853 | D:10     | Found a broken altar of Ashenzari.
 11035 | D:10     | Found an opulent altar of Gozag.
 11110 | Lair:1   | Entered Level 1 of the Lair of Beasts
 11176 | D:11     | Offered knowledge of Momentum Strike by Vehumet.
 11453 | D:11     | Reached *** piety under Vehumet
 11492 | D:11     | Noticed a boulder beetle
 11503 | D:11     | Killed a boulder beetle
 11504 | D:11     | Reached skill level 1 in Evocations
 11504 | D:11     | Reached XP level 12. HP: 73/73 MP: 21/23
 11625 | D:11     | Noticed a two-headed ogre
 11632 | D:11     | Killed a two-headed ogre
 12061 | Lair:1   | Found a hazy altar of Hepliaklqana.
 12457 | Lair:1   | Offered knowledge of Fulminant Prism by Vehumet.
 12463 | Lair:1   | Learned a level 4 spell: Fulminant Prism
 12612 | Lair:2   | Noticed Erica
 12625 | Lair:2   | Killed Erica
 13051 | Lair:2   | Noticed Gastronok
 13075 | Lair:2   | Killed Gastronok
 13604 | Lair:3   | Found a hole to the Spider Nest.
 13796 | Lair:3   | Found a sparkling altar of Nemelex Xobeh.
 13811 | Lair:3   | Reached skill level 5 in Evocations
 14274 | Lair:3   | Found a staircase to the Shoals.
 14281 | Lair:3   | Reached XP level 13. HP: 71/80 MP: 20/24
 14965 | Lair:4   | Acquired the ring "Idejagad" {rF+ rC+}
 14966 | Lair:4   | Acquired the +1 quick blade of Gozag's Brutal Revenge
                  | {freeze, Will- Int+7}
 15079 | Lair:4   | Reached skill level 1 in Hexes
 15191 | Lair:4   | Reached **** piety under Vehumet
 16045 | Lair:5   | Entered Level 5 of the Lair of Beasts
 16065 | Lair:5   | Reached skill level 11 in Stealth
 16079 | Lair:5   | Offered knowledge of Freezing Cloud by Vehumet.
 16261 | Lair:5   | Reached skill level 10 in Air Magic
 16267 | Lair:5   | Learned a level 5 spell: Freezing Cloud
 16370 | Lair:5   | HP: 1/80 [fire crab (5)]
 17083 | Lair:5   | Identified the +5 rapier of Keozes {heavy, rElec Int+3}
 17098 | Lair:5   | Noticed a fire dragon
 17107 | Lair:5   | Killed a fire dragon
 17360 | Lair:5   | Reached skill level 12 in Stealth
 17745 | Lair:5   | Found a runed translucent door.
 17773 | Lair:5   | Reached ***** piety under Vehumet
 17985 | Lair:5   | Reached skill level 5 in Ice Magic
 18079 | Lair:5   | Found a viscous altar of Jiyva.
 18080 | Lair:5   | Found a staircase to the Slime Pits.
 18571 | Lair:5   | Offered knowledge of Orb of Destruction by Vehumet.
 18578 | Lair:5   | Reached XP level 14. HP: 71/86 MP: 12/28
 19225 | D:11     | Reached skill level 1 in Long Blades
 20157 | D:12     | Reached skill level 13 in Stealth
 20298 | D:12     | Reached skill level 10 in Fighting
 20634 | D:12     | Found a staircase to the Orcish Mines.
 21128 | Orc:1    | Entered Level 1 of the Orcish Mines
 21140 | D:12     | Learned a level 7 spell: Orb of Destruction
 21160 | Orc:1    | Noticed Jorgrun
 21179 | Orc:1    | Killed Jorgrun
 21455 | Orc:1    | Offered knowledge of Eringya's Noxious Bog by Vehumet.
 21485 | Orc:1    | Found a transporter.
 21491 | Orc:1    | Noticed an orc warlord
 21906 | Orc:1    | Found a transporter.
 21927 | Orc:1    | Reached skill level 10 in Conjurations
 21929 | Orc:1    | Killed an orc warlord
 21930 | Orc:1    | Reached skill level 10 in Dodging
 21992 | Orc:1    | Identified the +2 scimitar "Geleng" {antimagic, rC+}
 22067 | Orc:2    | Entered Level 2 of the Orcish Mines
 22086 | Orc:2    | Noticed Urug
 22099 | Orc:2    | Killed Urug
 22276 | Orc:2    | Reached skill level 14 in Stealth
 22280 | Orc:2    | Noticed an orc warlord
 22286 | Orc:2    | Killed an orc warlord
 22342 | Orc:2    | Found Boota's General Store.
 22346 | Orc:2    | Found Yginisel's Antique Armour Emporium.
 22354 | Orc:2    | Found Faofai's Armour Boutique.
 22356 | Orc:2    | Found a staircase to the Elven Halls.
 22361 | Orc:2    | Found a dark tunnel.
 22370 | Volcano  | Entered a volcano
 22600 | Volcano  | Found a bloodstained altar of Trog.
 22602 | Volcano  | Offered knowledge of Conjure Ball Lightning by Vehumet.
 22697 | Volcano  | Reached XP level 15. HP: 79/92 MP: 3/30
 23126 | Orc:2    | Bought a scroll of identify for 24 gold pieces
 23205 | Orc:2    | Bought a runed cloak for 217 gold pieces
 23205 | Orc:2    | Bought a fabulously ornate robe for 165 gold pieces
 23205 | Orc:2    | Identified the +1 robe of the Villain {Regen+ Str+2 Int+4}
                  | (You bought it in a shop on level 2 of the Orcish Mines)
 23568 | Orc:2    | Found Ceucvel's Antique Weapon Emporium.
 23583 | Orc:2    | Found Ruhul's Jewellery Emporium.
 23758 | Orc:2    | Bought an amulet of magic regeneration for 510 gold pieces
 23784 | Orc:2    | Bought a +2 robe of the Archmagi for 640 gold pieces
 23820 | Elf:1    | Entered Level 1 of the Elven Halls
 23892 | D:13     | Found a shimmering altar of Xom.
 24179 | D:13     | Noticed Erolcha
 24185 | D:13     | Killed Erolcha
 24445 | D:13     | Found a gate to the Vaults.
 24936 | D:13     | Noticed Sonja
 24940 | D:13     | Killed Sonja
 25190 | D:14     | Reached skill level 15 in Stealth
 25259 | D:14     | Offered knowledge of Ozocubu's Refrigeration by Vehumet.
 25472 | D:14     | Reached skill level 10 in Spellcasting
 26153 | D:15     | Entered Level 15 of the Dungeon
 26294 | D:15     | Found a staircase to the Depths.
 26551 | D:15     | Identified the +5 ring mail "Yraocra" {+Inv rPois Str-2
                  | Int+9}
 26558 | D:15     | Found a hide-covered altar of Uskayaw.
 28316 | D:2      | Bought a scroll of identify for 24 gold pieces
 28316 | D:2      | Bought a scroll of enchant armour for 90 gold pieces
 28316 | D:2      | Bought a scroll of identify for 24 gold pieces
 28316 | D:2      | Bought a scroll of teleportation for 36 gold pieces
 28316 | D:2      | Bought a scroll of magic mapping for 90 gold pieces
 28316 | D:2      | Bought a scroll of poison for 48 gold pieces
 28564 | Spider:1 | Entered Level 1 of the Spider Nest
 28701 | Spider:1 | Learned a level 7 spell: Ozocubu's Refrigeration
 28743 | Spider:1 | Noticed Donald
 28752 | Spider:1 | Killed Donald
 28777 | Spider:1 | Reached XP level 16. HP: 56/98 MP: 26/34
 28912 | Spider:1 | Reached skill level 10 in Short Blades
 28934 | Spider:1 | Offered knowledge of Starburst by Vehumet.
 29327 | Spider:1 | Lost strength.
 29327 | Spider:1 | Slain by a ghost moth

Illustrated notes

Levels and vault maps discovered:
D:1:      psy_arrival_whirlpool, layout_rooms,
          hellmonk_ecumenical_altar_crossroads, minmay_rat_gold_closets
D:2:      minmay_razor_zed, layout_loops_ring, serial_shops,
          nicolae_shop_temple_entry_statues_fountains, basic_altar
D:3:      layout_rooms, makhleb_altar_promises_db, lemuel_round_altar,
          serial_shops, shop, st_stairs_8
D:4:      layout_basic, nicolae_hepliaklqana_hazy_memory, grunt_qazlal_clouds,
          serial_rivers, chequers_serial_rivers_micro_d,
          chequers_serial_rivers_marsh, chequers_serial_rivers_marsh,
          chequers_serial_rivers_small_3, chequers_serial_rivers_micro_b,
          chequers_serial_rivers_room_a
D:5:      layout_basic, nicolae_stop_n_shop_2
D:6:      layout_loops_corners, trog_hazing_becter, general_overflow_altar,
          cheibriados_altar_1, lemuel_coloured_pillars_altar,
          mainiacjoe_overflow_catwalk, minmay_temple_entry_slanted,
          chequers_serial_rivers_room_b
D:7:      layout_basic, lemuel_crystal_altar, nemelex_diamond_rough_becter,
          lightli_ossuary_entry_decrepit_ruins, uniq_joseph
D:8:      layout_loops_ring, vehumet_statue
D:9:      layout_roguey, nicolae_overflow_crystal_walls, lemuel_blue_sif_altar,
          serial_shops, nicolae_shop_behind_doors, uniq_grum, uniq_psyche
D:10:     layout_rooms, ashenzari_altar_1, grunt_gozag_statues,
          dpeg_lair_monsters
D:11:     layout_irregular_city
D:12:     layout_cave_pods, orc_0_dummy, serial_demonic, serial_demonic_c,
          serial_demonic_a, serial_demonic_f, serial_demonic_b,
          serial_demonic_c, serial_demonic_a, nicolae_two_hexagons
D:13:     layout_basic, grunt_vaults_entry_fortified, led_xom_imps, uniq_sonja,
          uniq_erolcha
D:14:     layout_basic
D:15:     hangedman_depths_entry_try_elsewhere_first, layout_basic,
          minmay_stone_trees_medium, chequers_serial_rivers_micro_e,
          nicolae_uskayaw_dance_hall
Temple:   nicolae_temple_ecumenical_triangle
Lair:1:   layout_hall_layers, basic_altar, grunt_megastairs_4
Lair:2:   layout_cave_pods, mumra_transporter_accident, uniq_erica,
          uniq_gastronok
Lair:3:   layout_misc_corridors, minmay_shoals_entry_hut,
          nicolae_spider_entry_lesser_pyramids, basic_altar, lemuel_fruit_tree,
          grunt_megastairs_2
Lair:4:   layout_cave_pods, grunt_megastairs_3, lemuel_fruit_fields,
          serial_bayou_shore_b, infiniplex_staircase_pool_2
Lair:5:   guppyfry_lair_end_dragon, layout_regular_city, wormcave,
          dpeg_slime_entry_corner
Spider:1: layout_spider_delve, nicolae_spider_moth_buddies, uniq_donald
Spider:2: layout_cave_pods
Orc:1:    gammafunk_beogh_shrine, layout_diamond_mine, uniq_jorgrun
Orc:2:    grunt_orc_cross, layout_caves, serial_shops, shop_fountains,
          enter_volcano_1, minmay_orc_temple_b
Elf:1:    eino_elf_arrival_sip, layout_gridlike, basic_altar, serial_shops,
          nicolae_square_shop, minivault_28, grunt_megastairs_5

Skill      XL: |  1  2  3  4  5  6  7  8  9 10 11 12 13 14 15 16 |
---------------+-------------------------------------------------+-----
Stealth        | 3 4 5 6 7 9 10 12 14 15 | 15.0
Conjurations   | 2 3 4 6 7 8 9 10 11 12 | 12.0
Fighting       | 1 2 3 4 5 6 7 9 10 | 10.5
Spellcasting   | 4 6 8 9 12 | 12.5
Air Magic      | 4 6 7 9 10 11 | 11.0
Poison Magic   | 1 2 |  2.5
Short Blades   | 2 4 5 7 8 9 10 | 10.1
Dodging        | 4 7 9 10 11 | 11.6
Ice Magic      | 3 5 7 8 |  8.1
Evocations     | 1 5 |  5.9
Hexes          | 3 |  3.6
Long Blades    | 2 |  2.6

Action                     |  1- 3 |  4- 6 |  7- 9 | 10-12 | 13-15 | 16-18 || total
---------------------------+-------+-------+-------+-------+-------+-------++-------
  Melee: Unarmed           |    40 |       |       |     4 |       |       ||    44
         Punch             |     1 |     2 |    10 |    10 |    15 |     1 ||    39
         Short sword       |    37 |       |       |       |       |       ||    37
         Dagger            |    28 |   157 |   259 |   646 |     2 |       ||  1092
         Quick blade       |       |       |       |       |   794 |       ||   794
         Rapier            |       |       |       |       |   223 |    34 ||   257
   Cast: Shock             |    59 |    95 |   113 |    46 |    11 |       ||   324
         Mephitic Cloud    |       |     3 |    26 |    66 |    12 |       ||   107
         Arcjolt           |       |       |       |    54 |   178 |     6 ||   238
         Ozocubu's Armour  |       |       |       |     1 |    42 |     2 ||    45
         Freezing Cloud    |       |       |       |       |   117 |    15 ||   132
         Fulminant Prism   |       |       |       |       |    19 |       ||    19
         Swiftness         |       |       |       |       |     3 |       ||     3
         Orb of Destructio |       |       |       |       |       |     1 ||     1
  Evoke: Wand              |       |       |       |     6 |     9 |       ||    15
         Condenser vane    |       |       |       |     1 |     1 |       ||     2
    Use: Potion            |       |     1 |     1 |     3 |    15 |       ||    20
         Scroll            |       |     8 |    11 |     4 |    23 |     3 ||    49
   Stab: Sleeping          |    11 |     5 |     9 |    15 |    27 |       ||    67
         Distracted        |       |     1 |     1 |     1 |     5 |     1 ||     9
         Confused          |       |     6 |    21 |    63 |     6 |       ||    96
 Armour: Robe              |    33 |    63 |    59 |   178 |   155 |    39 ||   527
         Steam dragon scal |       |       |       |       |   125 |       ||   125
  Dodge: Dodged            |    89 |    98 |   100 |   383 |   582 |    56 ||  1308

Table legend: (Time is in decaauts)
 A = Elapsed time spent in this place.
 B = Non-inter-level travel time spent in this place.
 C = Inter-level travel time spent in this place.
 D = Time resting spent in this place.
 E = Time spent auto-exploring this place.
 F = Levels seen in this place.
 G = Mean time per level.
                   A        B        C        D        E       F      G
               +--------+--------+--------+--------+--------+-----+--------+
         Total |  28541 |  26831 |   1710 |   2921 |  18038 |  28 | 1019.3 |
       Dungeon |  17907 |  16748 |   1159 |   1505 |  12001 |  15 | 1193.8 |
        Temple |     32 |     30 |      2 |      0 |     22 |   1 |   32.0 |
          Lair |   6857 |   6478 |    379 |   1079 |   4198 |   5 | 1371.4 |
   Spider Nest |    764 |    764 |      0 |    198 |    270 |   2 |  382.0 |
  Orcish Mines |   1879 |   1711 |    168 |     80 |   1011 |   2 |  939.5 |
   Elven Halls |      7 |      7 |      0 |      0 |      0 |   1 |    7.0 |
       Ossuary |    404 |    404 |      0 |      0 |    290 |   1 |  404.0 |
       Volcano |    688 |    688 |      0 |     58 |    245 |   1 |  688.0 |
               +--------+--------+--------+--------+--------+-----+--------+

Top non-repeatable levels by time:
  Lair:5: 2427 daAuts
    D:15: 1935 daAuts
     D:9: 1687 daAuts
    D:12: 1547 daAuts
     D:6: 1464 daAuts
     D:2: 1434 daAuts
  Lair:4: 1360 daAuts
  Lair:2: 1327 daAuts
    D:13: 1223 daAuts
     D:4: 1147 daAuts
     D:5: 1139 daAuts
    D:14: 1082 daAuts
  Lair:3: 1051 daAuts
    D:11: 1020 daAuts
     D:8: 978 daAuts
